 Dungeon Crawl Stone Soup version 0.25.1-8-g42b30a86e7 (webtiles) character file.

Game seed: 17519579209835425491

48 Allula97 the Sneak (level 3, -11/18 HPs)
             Began as a Vine Stalker Enchanter on Dec 4, 2020.
             Mangled by Sigmund
             ... wielding a +0 scythe
              (13 damage)
             ... on level 2 of the Dungeon.
             The game lasted 00:06:20 (1648 turns).

Allula97 the Sneak (Vine Stalker Enchanter)         Turns: 1648, Time: 00:06:21

Health: -11/18     AC:  3    Str: 10    XL:     3   Next: 72%
Magic:  0/7        EV: 12    Int: 15    God:
Gold:   88         SH:  0    Dex: 15    Spells: 3/6 levels left

rFire    . . .     SeeInvis .   a - +1 dagger
rCold    . . .     Gourm    .   (no shield)
rNeg     . . .     Faith    .   f - +0 leather armour
rPois    .         Spirit   +   (no helmet)
rElec    .         Reflect  .   (no cloak)
rCorr    .         Harm     .   (no gloves)
MR       .....                  (no boots)
Stlth    +.........             (no amulet)
HPRegen  0.06/turn              (no ring)
MPRegen  0.10/turn              (no ring)

@: confused, flying, very slightly contaminated, hasted, invisible, very quick
A: fangs 2, magic shield, antimagic bite, no potion heal 3, rot immunity
a: no special abilities


You were on level 2 of the Dungeon.
You were not hungry.

You visited 1 branch of the dungeon, and saw 2 of its levels.

You collected 88 gold pieces.

Inventory:

Hand Weapons
 a - a +1 dagger (weapon)
Armour
 b - a +0 robe
 f - a +0 leather armour (worn)
Jewellery
 g - a cursed -4 ring of protection {unknown}
Scrolls
 e - a scroll of enchant armour {unknown}
 h - a scroll of blinking {unknown}
 i - a scroll of magic mapping {unknown}
 k - a scroll of remove curse {unknown}
 n - a scroll of identify {unknown}
Comestibles
 c - 5 chunks of flesh
 d - 2 rations


   Skills:
 * Level 1.0 Fighting
 * Level 1.4 Short Blades
 * Level 0.4 Armour
 * Level 1.8 Dodging
 * Level 4.1 Stealth
 * Level 2.4 Spellcasting
 * Level 3.2 Hexes
 + Level 0.2 Ice Magic


You had 3 spell levels left.
You knew the following spells:

 Your Spells              Type           Power        Failure   Level  Hunger
a - Corona                Hex            ##.....      8%          1    #......
b - Ensorcelled Hibernat  Hex/Ice        #.....       22%         2    ###....

Your spell library contained the following spells:

 Spells                   Type           Power        Failure   Level  Hunger
 Confusing Touch          Hex            ##......     22%         3    ###....
 Tukima's Dance           Hex            ##......     22%         3    ###....
 Dazzling Flash           Conj/Hex       #.....       41%         3    ###....


Dungeon Overview and Level Annotations

Branches:
Dungeon (2/15)

Altars:

Annotations:
D:2 Sigmund


Innate Abilities, Weirdness & Mutations

You have extremely sharp teeth.
When hurt, damage is shared between your health and your magic reserves.
Your bite disrupts and absorbs the magic of your enemies.
Potions cannot restore your health.
You are immune to rotting.


Message History

You closely miss something. Your bite misses something. You miss something.
Your bite misses something. Something hits you but does no damage.
You hit something but do no damage.
You hear some strange, mumbled words.
You are confused.
It was a potion of invisibility.
You fade into invisibility!
You hear some strange, mumbled words.
A magic dart appears from out of thin air!
The magic dart hits you!
* * * LOW HITPOINT WARNING * * *
You are very lightly contaminated with residual magic.
It was a potion of flight.
You feel very buoyant.
You fly up into the air.
Something barely misses you.
You bump into the rock wall.
It was a potion of haste.
You feel yourself speed up. Something hits you!
Ouch! That really hurt!
You die...

##### .# #...# ..
##.## #.#.# .#
......##.#.###.###
♣...{.........
♣_♣..#@......#
♣...#.####..#
.@...#.......#
##....#.####.##
##...#.# #.#
#..(#)# ##.###
#...#.# #....# ##
..# #..#.# #. ###
#..#.########.


There were no monsters in sight!

Vanquished Creatures
  3 dart slugs (D:1)
  6 bats
  A giant cockroach (D:1)
  5 goblins (D:1)
  5 hobgoblins
  7 jackals (D:1)
  2 kobolds (D:1)
  A ball python (D:1)
  3 frilled lizards (D:1)
  5 rats
38 creatures vanquished.

Notes
Turn   | Place    | Note
-------+----------+-------------------------------------------
     0 | D:1      | Allula97 the Vine Stalker Enchanter began the quest for the
                  | Orb.
     0 | D:1      | Reached XP level 1. HP: 9/9 MP: 4/4
   216 | D:1      | Reached skill level 1 in Short Blades
   262 | D:1      | Reached XP level 2. HP: 9/14 MP: 3/6
   339 | D:1      | Learned a level 2 spell: Ensorcelled Hibernation
   817 | D:1      | Reached XP level 3. HP: 17/17 MP: 7/7
  1169 | D:1      | Reached skill level 4 in Stealth
  1596 | D:2      | Reached skill level 1 in Fighting
  1632 | D:2      | Found a faded altar of an unknown god.
  1632 | D:2      | Noticed Sigmund
  1648 | D:2      | Mangled by Sigmund

Illustrated notes

Levels and vault maps discovered:
D:1:      lightli_arrival_farm, layout_basic
D:2:      layout_basic, chequers_ecumenical_altar_simple, st_stairs_7,
          uniq_sigmund

Skill      XL: |  1  2  3 |
---------------+----------+-----
Short Blades   | 1 |  1.4
Stealth        | 4 |  4.1
Fighting       | 1 |  1.0
Armour         | |  0.4
Dodging        | |  1.8
Spellcasting   | |  2.4
Hexes          | |  3.2
Ice Magic      | |  0.2

Action                   || total
-------------------------++-------
Melee: Dagger            ||    98
       Bite              ||    23
 Cast: Corona            ||     3
       Ensorcelled Hiber ||     8
  Use: Potion            ||     4
 Stab: Sleeping          ||     9
  Eat: Chunk             ||     3
Armor: Robe              ||     8
       Leather armour    ||     3
Dodge: Dodged            ||    65
